 Dungeon Crawl Stone Soup version 0.27.1 (webtiles) character file.

Game seed: 2704924179844324030

426 MajorAdolf the Sneak (level 6, 0/57 HPs)
             Began as a Naga Wanderer on Sept 1, 2021.
             Slain by an ice beast (7 damage)
             ... on level 6 of the Dungeon.
             The game lasted 00:12:48 (4939 turns).

MajorAdolf the Sneak (Naga Wanderer)                Turns: 4939, Time: 00:12:49

Health: 0/57       AC:  6    Str: 12    XL:     6   Next: 97%
Magic:  6/6        EV:  8    Int: 15    God:
Gold:   111        SH:  8    Dex: 12    Spells: 5/5 levels left

rFire    . . .     SeeInvis +   h - +0 flail
rCold    . . .     Faith    .   d - +0 kite shield
rNeg     . . .     Spirit   .   u - +0 robe {Will+}
rPois    +         Reflect  .   b - +0 helmet
rElec    .         Harm     .   s - +1 cloak
rCorr    .         Rampage  .   (no gloves)
Will     +....                  (no barding)
Stlth    +++.......             (no amulet)
HPRegen  0.19/turn              (no ring)
MPRegen  0.10/turn              (no ring)

@: short of breath, very slow
A: AC +2, large, see invisible, deformed body, poison resistance, slowness 2,
spit poison 1, naga tail 1
a: Spit Poison


You were on level 6 of the Dungeon.
You visited 1 branch of the dungeon, and saw 5 of its levels.

You collected 111 gold pieces.

Inventory:

Hand Weapons
 a - a +0 club
 e - a +0 dagger
 h - a +0 flail (weapon)
 k - a +3 dagger
Missiles
 j - 3 javelins
Armour
 b - a +0 helmet (worn)
 d - a +0 kite shield (worn)
 s - a +1 cloak (worn)
 u - a +0 robe of willpower (worn)
Magical Staves
 m - a staff of air
Wands
 t - a wand of iceblast (3)
Scrolls
 g - a scroll of immolation {unknown}
 l - 2 scrolls of identify {unknown}
 n - a scroll of teleportation {unknown}
 o - a scroll of fear {unknown}
 p - a scroll of torment {unknown}
 r - 2 scrolls of enchant armour {unknown}
Potions
 c - 2 potions of curing
 f - a potion of brilliance {unknown}
 i - 2 potions of might {unknown}
 q - a potion of resistance {unknown}
 v - a potion of heal wounds


   Skills:
 + Level 3.9 Fighting
 - Level 4.0 Maces & Flails
 - Level 1.0 Armour
 + Level 1.7 Dodging
 + Level 5.8 Stealth
 + Level 3.1 Shields
 + Level 1.6 Evocations


You had 5 spell levels left.
You didn't know any spells.
Your spell library was empty.

Dungeon Overview and Level Annotations

Branches:
Dungeon (4/15)
 Temple: D:4-7

Altars:

Annotations:
D:4 exclusion: 2 gnolls, Dowan, Duvessa, Grinder


Innate Abilities, Weirdness & Mutations

Your serpentine skin is tough. (AC +2)
You have supernaturally acute eyesight. (SInv)
Armour fits poorly on your strangely shaped body.
Your system is resistant to poisons. (rPois)
You cover ground very slowly.
You can spit poison.
You have a snake-like lower body.


Message History

You have got your breath back.
The ice beast hits you. The ice beast freezes you!
You hit the ice beast.
The ice beast is heavily wounded.
The ice beast hits you but does no damage.
You block the ice beast's attack.
Press: ? - help, Shift-Dir - straight line, f/p - ice beast
Aim: an ice beast (heavily wounded)
The splash of poison hits the ice beast.
The ice beast is severely wounded.
A howler monkey skeleton comes into view.
You block the ice beast's attack.
Unknown command.
You hit the ice beast but do no damage.
The ice beast is severely wounded.
The ice beast hits you. The ice beast freezes you!
* * * LOW HITPOINT WARNING * * *
You closely miss the ice beast.
The ice beast is severely wounded.
The ice beast hits you but does no damage.
You hit the ice beast but do no damage.
The ice beast is severely wounded.
You have got your breath back.
You block the ice beast's attack.
The ice beast hits you but does no damage.
You barely miss the ice beast.
The ice beast is heavily wounded.
The ice beast hits you.
* * * LOW HITPOINT WARNING * * *
The ice beast freezes you!
* * * LOW HITPOINT WARNING * * *
Press: ? - help, Shift-Dir - straight line, f/p - ice beast
Aim: an ice beast (heavily wounded)
The splash of poison misses the ice beast.
The ice beast closely misses you.
Unknown command.
You feel better. The ice beast hits you.
* * * LOW HITPOINT WARNING * * *
The ice beast freezes you!
You die...

#.##### .#. #.# ... ..
#.### #.# ... ....# #.#
.... #.#.# #.# #...#
..#.# #.#### #..... .##.#
#.##.## #......
.##.#####.#...####.......
................@YZ).....
###.#####.#...####.......
###.# #.##.## #..(...
....# #.#### #..... #####
#.# #...# #.# #+## #.#
#..


You could see an ice beast and a howler monkey skeleton.

Vanquished Creatures
  2 scorpions (D:6)
  A hound (D:4)
  A bullfrog skeleton (D:6)
  Jessica (D:3)
  Natasha (thrice) (D:2)
  Terence (D:2)
  A hound skeleton (D:4)
  A gnoll (D:1)
  2 adders
  3 worms
  2 dart slugs
  5 orcs
  2 ball pythons
  9 bats
  3 endoplasms
  A giant cockroach (D:1)
  8 hobgoblins
  8 jackals
  4 quokkas
  A frilled lizard (D:2)
  6 goblins
  3 kobolds
  4 rats
72 creatures vanquished.

Notes
Turn   | Place    | Note
-------+----------+-------------------------------------------
     0 | D:1      | MajorAdolf the Naga Wanderer began the quest for the Orb.
     0 | D:1      | MajorAdolf set off with the following items: a +0 club, a
                  | +0 ring mail, a potion of curing, a +0 kite shield
     0 | D:1      | Reached XP level 1. HP: 19/19 MP: 1/1
   191 | D:1      | Reached skill level 2 in Stealth
   211 | D:1      | Reached XP level 2. HP: 17/26 MP: 2/2
   913 | D:1      | Reached skill level 3 in Stealth
   913 | D:1      | Reached XP level 3. HP: 20/32 MP: 3/3
  1444 | D:2      | Noticed Natasha
  1450 | D:2      | Killed Natasha
  1551 | D:2      | Noticed Natasha
  1575 | D:2      | Killed Natasha
  1576 | D:2      | Reached XP level 4. HP: 10/40 MP: 4/4
  2010 | D:2      | Reached skill level 4 in Stealth
  2303 | D:2      | Noticed Terence
  2356 | D:2      | Noticed Natasha
  2369 | D:2      | Killed Natasha
  2370 | D:2      | Reached XP level 5. HP: 34/49 MP: 5/5
  3021 | D:2      | Killed Terence
  3532 | D:3      | Reached skill level 5 in Stealth
  3602 | D:3      | Noticed Jessica
  3606 | D:3      | Killed Jessica
  3659 | D:3      | Reached XP level 6. HP: 54/56 MP: 6/6
  3987 | D:4      | Noticed Grinder
  4167 | D:4      | Noticed Dowan
  4167 | D:4      | Noticed Duvessa
  4203 | D:4      | Noticed a black bear
  4500 | D:4      | Reached skill level 1 in Evocations
  4512 | D:4      | You fall into a shaft and drop 2 floors!
  4915 | D:6      | Noticed an ice beast
  4939 | D:6      | Slain by an ice beast

Illustrated notes

Levels and vault maps discovered:
D:1:      sevenhm_arrival_forest_fort_small_4, layout_loops_corners,
          chequers_serial_rivers_micro_a
D:2:      layout_basic, minmay_bisected, uniq_terence, uniq_natasha
D:3:      layout_loops_ring, uniq_jessica
D:4:      layout_basic, uniq_grinder, uniq_duvessa
D:6:      layout_loops_corners, temple_hall

Skill      XL: |  1  2  3  4  5  6 |
---------------+-------------------+-----
Stealth        | 2 3 4 5 |  5.8
Shields        | 2 3 |  3.1
Fighting       | 3 |  3.9
Evocations     | 1 |  1.6
Maces & Flails | |  4.0
Armour         | |  1.0
Dodging        | |  1.7

Action                   |  1- 3 |  4- 6 || total
-------------------------+-------+-------++-------
Melee: Club              |    24 |       ||    24
       Dagger            |    16 |       ||    16
       Flail             |    20 |   159 ||   179
Throw: Javelin           |       |    10 ||    10
 Abil: Spit Poison       |    23 |    36 ||    59
  Use: Potion            |     1 |     1 ||     2
 Stab: Sleeping          |       |     4 ||     4
       Distracted        |       |     1 ||     1
Armor: Ring mail         |     5 |       ||     5
       Robe              |     7 |    63 ||    70
Dodge: Dodged            |    23 |    59 ||    82
Block: Kite shield       |    33 |    70 ||   103
